 Dungeon Crawl Stone Soup version 0.27-a0-1036-g8e1b44f6bd (webtiles) character file.

Game seed: 18093635578918526200

238 spiderkeys the Distorting Demonspawn (level 5, -3/42 HPs)
             Began as a Demonspawn Abyssal Knight on Apr 18, 2021.
             Was a Believer of Lugonu.
             Slain by an ogre
             ... wielding a +0 giant club
              (16 damage)
             ... on level 4 of the Dungeon.
             The game lasted 00:05:33 (3969 turns).

spiderkeys the Distorting Demonspawn (DsAK)         Turns: 3969, Time: 00:05:33

Health: -3/42      AC: 16    Str: 13    XL:     5   Next: 78%
Magic:  8/8        EV:  8    Int: 13    God:    Lugonu [**....]
Gold:   59         SH:  4    Dex: 13    Spells: 4/4 levels left

rFire    . . .     SeeInvis .   a - +1 spear
rCold    . . .     Faith    .   n - +0 buckler
rNeg     . . .     Spirit   .   e - +4 scale mail
rPois    .         Reflect  .   (no helmet)
rElec    .         Harm     .   f - +2 cloak
rCorr    .         Rampage  .   (no gloves)
Will     .....                  h - +1 pair of boots
Stlth    ..........             (no amulet)
HPRegen  0.14/turn              (no ring)
MPRegen  0.11/turn              (no ring)

@: no status effects
A: claws 2
a: Renounce Religion, Depart the Abyss, Bend Space


You were on level 4 of the Dungeon.
You worshipped Lugonu.
Lugonu was pleased with you.
You visited 1 branch of the dungeon, and saw 4 of its levels.
You visited the Abyss 1 time.

You collected 59 gold pieces.


Innate Abilities, Weirdness & Mutations

You have very sharp fingernails.


   Skills:
 + Level 3.8 Fighting
 * Level 3.6 Polearms
 + Level 2.8 Armour
 - Level 1.0 Dodging
 + Level 1.1 Shields
 + Level 4.0 Invocations


You had 4 spell levels left.
You didn't know any spells.
Your spell library was empty.

Inventory:

Hand Weapons
 a - a +1 spear (weapon)
Missiles
 g - 6 curare-tipped darts {=f}
 i - 68 stones
 j - 13 arrows
 k - 11 poisoned darts
 m - 7 boomerangs
Armour
 e - a +4 scale mail (worn)
   (You found it on level 2 of the Abyss)
 f - a +2 cloak (worn)
   (You found it on level 1 of the Dungeon)
 h - a +1 pair of boots (worn)
   (You found it on level 1 of the Dungeon)
 n - a +0 buckler (worn)
   (You found it on level 3 of the Dungeon)
Wands
 q - a wand of flame (7)
   (You took it off Ijyb on level 3 of the Dungeon)
Scrolls
 p - 2 scrolls of torment {!r}
Potions
 b - a potion of haste {@q3}
 c - a potion of might
 d - a potion of curing {unknown}
 l - a potion of attraction {unknown}
 o - a potion of lignification {unknown}

Dungeon Overview and Level Annotations

Branches:
Dungeon (4/15)
 Temple: D:4-7

Altars:

Shops:
D:1 (   D:3 *

Annotations:
D:3 1 runed translucent door, Crazy Yiuf

#.......#.##.#.#..###
#...##..#......#.##
#...###.#.......>#
#)^.###..........#
#................#
#...####.........#
###########......#......>..#
......#..#....##...........#
..#......##....O@.........##
#........##..#.###.........
....#....##..#.# #.........#
#.# #..........# #.........#
. #.....#..#.# ..<
#.....#...... ..
.................. .
####.....#.##.......
#...>.#..#.......


You could see an ogre.


Message History

Could not explore, unopened runed door.
There is an open door here.
There is a stone staircase leading down here.
You climb downwards.
Found an escape hatch in the ceiling.
There is a stone staircase leading up here.
Found a stone staircase leading down.
Found a stone staircase leading down.
A hobgoblin comes into view.
A hobgoblin is nearby!
The hobgoblin hits you. 😕 HP[-2]
You take 2 damage, and now have 40/42 hp.
You closely miss the hobgoblin. You block the hobgoblin's attack.
You hit the hobgoblin but do no damage.
The hobgoblin hits you but does no damage.
You hit the hobgoblin. 😕 HP[+1]
You hit the hobgoblin. You block the hobgoblin's attack.
You hit the hobgoblin.
You kill the hobgoblin!
Lugonu accepts your kill.
A ball python comes into view.
The ball python hisses angrily. 😎 HP[+1]
Your hp is fully restored (42).
The ball python closely misses you. The ball python grabs you.
The ball python constricts you.
You hit the ball python.
You kill the ball python!
Lugonu accepts your kill.
No target in view!
No target in view!
No target in view!
A howler monkey skeleton comes into view.
A howler monkey skeleton is nearby!
You reach to attack!
You hit the howler monkey skeleton.
The howler monkey skeleton barely misses you.
You hit the howler monkey skeleton.
The howler monkey skeleton barely misses you.
You hit the howler monkey skeleton. You hit the howler monkey skeleton.
The howler monkey skeleton hits you but does no damage.
You hit the howler monkey skeleton but do no damage.
The howler monkey skeleton barely misses you.
A howler monkey skeleton is nearby!
You hit the howler monkey skeleton but do no damage.
The howler monkey skeleton hits you but does no damage.
You hit the howler monkey skeleton.
The howler monkey skeleton hits you but does no damage.
You hit the howler monkey skeleton.
The howler monkey skeleton barely misses you.
A howler monkey skeleton is nearby!
You hit the howler monkey skeleton.
The howler monkey skeleton hits you. 😕 HP[-4]
You take 4 damage, and now have 38/42 hp.
You hit the howler monkey skeleton.
You destroy the howler monkey skeleton!
Lugonu accepts your kill.
No target in view!
You now have 59 gold pieces (gained 15).
Key pressed, stopping explore.
No target in view! 😎 HP[+4]
Your hp is fully restored (42).
Key pressed, stopping explore.
Found an escape hatch in the floor.
An ogre comes into view. It is wielding a +0 giant club.
An ogre is nearby!
The ogre shouts!
No target in view!
No target in view!
An ogre is nearby!
You barely miss the ogre. You block the ogre's attack.
You hit the ogre. You block the ogre's attack.
You hit the ogre. You hit the ogre.
The ogre hits you with a +0 giant club! 😮 HP[-16]
You take 16 damage, and now have 26/42 hp.
MASSIVE DAMAGE!! (PAUSE)
You are too injured to fight recklessly!
You are too injured to fight recklessly!
You are too injured to fight recklessly!
You closely miss the ogre. The ogre hits you with a +0 giant club.
* * * LOW HITPOINT WARNING * * *
😨 HP[-6]
You take 6 damage, and now have 20/42 hp.
You hit the ogre. The ogre barely misses you.
You barely miss the ogre. You puncture the ogre!
The ogre hits you with a +0 giant club!
* * * LOW HITPOINT WARNING * * *
😨 HP[-9]
You take 9 damage, and now have 11/42 hp.
MASSIVE DAMAGE!! (PAUSE)
Okay, then. 😨 HP[+1] 😨 HP[+1]
The ogre hits you with a +0 giant club!
You die...

Skill      XL: |  1  2  3  4  5 |
---------------+----------------+-----
Dodging        | 1 |  1.0
Polearms       | 2 3 |  3.6
Armour         | 2 |  2.8
Invocations    | 3 4 |  4.0
Shields        | 1 |  1.1
Fighting       | |  3.8

Action                   |  1- 3 |  4- 6 || total
-------------------------+-------+-------++-------
Melee: Spear             |   122 |   171 ||   293
Throw: Dart              |       |     1 ||     1
Invok: Depart the Abyss  |     1 |       ||     1
  Use: Scroll            |     2 |     3 ||     5
Armor: Scale mail        |    59 |    71 ||   130
Dodge: Dodged            |    67 |    42 ||   109
Block: Buckler           |       |    11 ||    11

Levels and vault maps discovered:
D:1:      psy_arrival_conway, layout_basic,
          shapermc_ecumenical_altar_mp_urbaneastern, serial_shops, shop
D:2:      layout_basic, fountainhead, amethyst_killhole
D:3:      layout_basic, serial_shops, shop_statue, corexii_shack,
          grunt_decor_arrowhead, uniq_natasha, uniq_crazy_yiuf_cottage,
          uniq_ijyb
D:4:      layout_rooms, minitemple, uniq_pikel, uniq_robin, uniq_menkaure

Notes
Turn   | Place    | Note
-------+----------+-------------------------------------------
     0 | Abyss:1  | spiderkeys the Demonspawn Abyssal Knight began the quest
                  | for the Orb.
     0 | Abyss:1  | Reached XP level 1. HP: 18/18 MP: 2/2
     0 | Abyss:1  | magus.rc [v1.9.10]
    14 | Abyss:2  | Found a corrupted altar of Lugonu.
    21 | Abyss:2  | Noticed a ynoxinul
    67 | Abyss:2  | Noticed a lich
    69 | Abyss:3  | Found a corrupted altar of Lugonu.
    69 | Abyss:3  | Noticed a meliai
    70 | Abyss:3  | Noticed a green very ugly thing
    75 | D:1      | You pass through the gate.
    75 | D:1      | Escaped the Abyss
   214 | D:1      | Reached skill level 1 in Dodging
   353 | D:1      | Reached skill level 2 in Polearms
   641 | D:1      | You feel monstrous as your demonic heritage exerts itself.
   641 | D:1      | Gained mutation: You have sharp fingernails. [demonic
                  | ancestry]
   641 | D:1      | Reached XP level 2. HP: 24/24 MP: 4/4
   750 | D:1      | Reached * piety under Lugonu
   755 | D:1      | Reached skill level 2 in Armour
   847 | D:1      | Found Exinocin's Weapon Boutique.
  1142 | D:1      | Found a faded altar of an unknown god.
  1243 | D:2      | Reached skill level 3 in Invocations
  1243 | D:2      | Reached XP level 3. HP: 27/29 MP: 5/5
  1428 | D:2      | Gained mutation: You have very sharp fingernails. [demonic
                  | ancestry]
  1428 | D:2      | Reached XP level 4. HP: 23/35 MP: 6/6
  1887 | D:2      | Reached skill level 3 in Polearms
  2550 | D:3      | Noticed Natasha
  2570 | D:3      | Killed Natasha
  2915 | D:3      | Found Woloymao's General Store.
  3174 | D:3      | Noticed Natasha
  3183 | D:3      | Killed Natasha
  3183 | D:3      | Reached ** piety under Lugonu
  3184 | D:3      | Reached XP level 5. HP: 25/41 MP: 7/7
  3280 | D:3      | Noticed Natasha
  3300 | D:3      | Killed Natasha
  3439 | D:3      | Noticed Ijyb
  3457 | D:3      | Killed Ijyb
  3483 | D:3      | Reached skill level 1 in Shields
  3483 | D:3      | Reached skill level 4 in Invocations
  3786 | D:3      | Found a runed translucent door.
  3787 | D:3      | Noticed Crazy Yiuf
  3946 | D:4      | Noticed an ogre
  3969 | D:4      | Slain by an ogre

Vanquished Creatures
  Natasha (thrice) (D:3)
  Ijyb (D:3)
  3 gnolls (D:3)
  5 adders (D:2)
  A howler monkey skeleton (D:4)
  An orc (D:3)
  4 bats
  6 endoplasms
  3 giant cockroaches
  2 goblins
  8 hobgoblins
  4 jackals (D:1)
  3 quokkas
  6 ball pythons
  2 frilled lizards (D:1)
  4 kobolds
  2 rats
58 creatures vanquished.

Vanquished Creatures (others)
  2 fungi (D:3)
2 creatures vanquished.

Grand Total: 60 creatures vanquished

Table legend:
 A = Non-vault XP
 B = Vault XP
 C = Vault XP percentage of total XP
 D = Non-vault monster count
 E = Vault monster count
 F = Vault count percentage of total count
                 A         B        C        D         E       F
            +---------+---------+-------+---------+---------+-------
      Total |     270 |      71 |  20.8 |      55 |       3 |   5.2
            +---------+---------+-------+---------+---------+-------
        D:1 |      40 |       0 |   0.0 |      24 |       0 |   0.0
        D:2 |      87 |       0 |   0.0 |      15 |       0 |   0.0
        D:3 |     126 |      71 |  36.0 |      13 |       3 |  18.8
        D:4 |      17 |       0 |   0.0 |       3 |       0 |   0.0
            +---------+---------+-------+---------+---------+-------

Illustrated notes

Table legend:
 A = Kills in this place as a percentage of kills in entire the game.
 B = Kills by you in this place as a percentage of kills by you in the entire game.
 C = Kills by friends in this place as a percentage of kills by friends in the entire game.
 D = Other kills in this place as a percentage of other kills in the entire game.
 E = Experience gained in this place as a percentage of experience gained in the entire game.
 F = Experience gained in this place divided by the number of levels of this place that you have seen.
                   A       B       C       D       E      F
               +-------+-------+-------+-------+-------+----------------------
         Total | 100.0 | 100.0 |   N/A |   N/A | 100.0 |  48.7
       Dungeon | 100.0 | 100.0 |   N/A |   N/A | 100.0 |  85.2
               +-------+-------+-------+-------+-------+----------------------

Table legend: (Time is in decaauts)
 A = Elapsed time spent in this place.
 B = Non-inter-level travel time spent in this place.
 C = Inter-level travel time spent in this place.
 D = Time resting spent in this place.
 E = Time spent auto-exploring this place.
 F = Levels seen in this place.
 G = Mean time per level.
                   A        B        C        D        E       F      G
               +--------+--------+--------+--------+--------+-----+--------+
         Total |   3994 |   3908 |     86 |      0 |   3311 |   7 |  570.6 |
       Dungeon |   3920 |   3834 |     86 |      0 |   3299 |   4 |  980.0 |
         Abyss |     74 |     74 |      0 |      0 |     12 |   3 |   24.7 |
               +--------+--------+--------+--------+--------+-----+--------+

Top non-repeatable levels by time:
     D:3: 1502 daAuts
     D:1: 1161 daAuts
     D:2: 1125 daAuts
     D:4: 130 daAuts
 Abyss:2: 58 daAuts
 Abyss:1: 10 daAuts
 Abyss:3: 5 daAuts
